Map: Shrines of Lizul

Players

ILIEKEGGPIE - Winner!

  • Race: Protoss Protoss
  • League: Platinum
  • Spawn Location: 12:00

Gregi - Winner!

  • Race: Zerg Zerg
  • League: Gold
  • Spawn Location: 3:00

Decadence

  • Race: Protoss Protoss
  • Spawn Location: 9:00

RushPottage

  • Race: Terran Terran
  • Spawn Location: 6:00

VOD

Have the link to the VOD?

Description

Time

  • Played on: June 5, 2018, 6:19 p.m.
  • Length: 4:22
Show
View Real Time Build Order
Export as new Build Order

ILIEKEGGPIE Protoss - Winner!

Build Orders:  

Get SALT Encoding   

  12  0:01  Probe  
  13  0:13  Probe  
  14  0:21  Pylon  
  14  0:25  Probe  
  15  0:35  Probe  
  15  0:41  Gateway  
  16  0:46  Assimilator  
  16  0:47  Probe  
  17  1:00  Probe  
  18  1:05  Gateway  
  18  1:13  Probe  
  19  1:25  Probe  
  20  1:26  Assimilator  
  20  1:30  Cybernetics Core  
  20  1:40  Pylon  
  20  1:47  Probe  
  21  1:59  Adept x2, Probe  
  21  2:00  Warp Gate  
  26  2:16  Probe  
  27  2:33  Nexus  
  27  2:41  Stalker  
  27  3:09  Stalker  
  29  3:13  Robotics Facility  
  29  3:17  Probe  
  30  3:29  Probe  
  30  3:32  Pylon  
  35  3:56  Pylon  
  31  4:07  Sentry  
  31  4:08  Stalker  
Show
View Real Time Build Order
Export as new Build Order

Gregi Zerg - Winner!

Build Orders: Pool First 

Get SALT Encoding   

  12  0:03  Drone  
  13  0:09  Drone  
  14  0:20  Drone, Extractor  
  14  0:24  Overlord  
  15  0:40  Spawning Pool  
  14  0:43  Extractor  
  14  0:45  Drone  
  14  0:49  Drone  
  15  0:53  Drone  
  16  0:57  Extractor  
  16  0:59  Drone  
  16  1:09  Drone  
  17  1:15  Evolution Chamber  
  16  1:21  Drone  
  17  1:30  Drone  
  18  1:35  Queen  
  20  1:45  Zerg Melee Weapons Level 1  
  20  1:49  Drone  
  21  1:57  Metabolic Boost  
  21  2:06  Overlord  
  21  2:09  Zergling x2  
  22  2:35  Hatchery  
  22  2:36  Zergling x2  
  22  2:38  Zergling x2  
  22  2:42  Zergling x2  
  24  2:48  Zergling x2  
  25  2:57  Zergling x4  
  25  2:58  Zergling x2  
  28  3:12  Zergling x2  
  27  3:45  Zergling x6  
Show
View Real Time Build Order
Export as new Build Order

Decadence Protoss 

Build Orders:  

Get SALT Encoding   

  12  0:01  Probe  
  13  0:13  Probe  
  14  0:25  Probe, Pylon  
  15  0:38  Assimilator  
  15  0:42  Probe  
  15  0:47  Gateway  
  16  0:50  Probe  
  17  1:00  Probe  
  18  1:11  Gateway  
  18  1:14  Probe  
  19  1:19  Pylon  
  19  1:26  Assimilator  
  19  1:27  Probe  
  20  1:35  Zealot  
  22  1:45  Cybernetics Core  
  22  1:49  Probe  
  23  1:58  Zealot  
  25  2:01  Probe  
  26  2:12  Warp Gate  
  26  2:20  Gateway  
  26  2:21  Pylon  
  26  2:29  Stalker  
  28  2:41  Stalker, Twilight Council  
  27  3:06  Stalker, Probe  
  28  3:21  Stalker  
  30  3:29  Stalker  
  30  3:33  Probe  
  31  3:36  Stalker  
Show
View Real Time Build Order
Export as new Build Order

RushPottage Terran 

Build Orders:  

Get SALT Encoding   

  12  0:01  SCV  
  13  0:13  SCV  
  14  0:19  Supply Depot  
  14  0:28  SCV  
  15  0:35  Refinery  
  15  0:43  Barracks  
  15  0:46  SCV  
  16  0:54  Refinery  
  16  1:02  SCV  
  17  1:14  SCV  
  17  1:15  Supply Depot  
  18  1:30  Marine  
  19  1:36  SCV  
  20  1:41  Factory  
  20  1:56  Marine  
  20  2:01  Factory  
  21  2:02  SCV  
  22  2:14  Marine, SCV  
  24  2:27  Supply Depot  
  24  2:31  Marine  
  24  2:33  Factory Tech Lab  
  25  2:49  Marine  
  26  2:53  Siege Tank  
  26  2:56  Widow Mine  
  31  3:07  Marine, SCV  
  33  3:24  Widow Mine  
  33  3:25  Siege Tank  
  33  3:26  Marine  
  39  4:03  Supply Depot  
Tags
 
Add a new tag
Caveats
  • Supply blocks, unpowered buildings, or Contaminate may cause inaccurate times.
  • Supply counts are checked every 10 seconds.